 Dungeon Crawl Stone Soup version 0.20.1-1-g8b1a95d (webtiles) character file.

40 slep the Twirler (level 3, -1/26 HPs)
             Began as a Demonspawn Wanderer on Oct 21, 2017.
             Was an Initiate of Ashenzari.
             Slain by Robin
             ... wielding a +0 club
              (6 damage)
             ... on level 2 of the Dungeon.
             The game lasted 00:11:05 (1299 turns).

slep the Twirler (Demonspawn Wanderer)              Turns: 1299, Time: 00:11:06

Health: -1/26      AC:  2    Str: 13    XL:     3   Next: 30%
Magic:  3/3        EV: 11    Int: 11    God:    Ashenzari [......]
Gold:   77         SH:  0    Dex: 14    Spells: 2/2 levels left

rFire    . . .     SeeInvis .   c - +0 quarterstaff
rCold    . . .     Gourm    .   (shield currently unavailable)
rNeg     . . .     Faith    .   i - +0 leather armour
rPois    .         Spirit   .   (no helmet)
rElec    .         Reflect  .   j - +0 cloak
rCorr    .         Harm     .   (no gloves)
MR       .....                  (boots unavailable)
Stlth    ++........             (no amulet)
Regen    0.1/turn               (no ring)
MPRegen  0.1/turn               (no ring)

@: no status effects
A: hooves 3, camouflage 1, deformed body, evolution 1
a: Curse Item, Renounce Religion


You were on level 2 of the Dungeon.
You worshipped Ashenzari.
Ashenzari was noncommittal.
You were not hungry.

You visited 1 branch of the dungeon, and saw 2 of its levels.

You collected 77 gold pieces.

Inventory:

Hand Weapons
 a - a +2 hand crossbow
 c - a +0 quarterstaff (weapon)
Missiles
 b - 47 bolts
Armour
 e - a +0 robe
 i - a +0 leather armour (worn)
 j - a +0 cloak (worn)
Scrolls
 h - 2 scrolls of enchant armour {unknown}
 k - a scroll of fear {unknown}
 l - 2 scrolls of teleportation {unknown}
 m - a scroll of recharging {unknown}
 q - a scroll of identify {unknown}
Potions
 d - a potion of curing
Comestibles
 f - 3 bread rations
 g - a chunk of flesh


   Skills:
 + Level 1.4 Fighting
 + Level 3.3 Staves
 + Level 1.0 Crossbows
 + Level 1.0 Throwing
 + Level 2.1 Armour
 + Level 0.6 Dodging
 + Level 1.3 Stealth
   Level 1.0 Evocations


You had 2 spell levels left.
You didn't know any spells.

Dungeon Overview and Level Annotations

Branches:
Dungeon (2/15)

Altars:
Ashenzari

Annotations:
D:2 Robin


Innate Abilities, Weirdness & Mutations

You have hooves in place of feet.
Your skin changes colour to match your surroundings (Stealth+).
Armour fits poorly on your strangely shaped body.
You evolve.


Message History

You hit Robin but do no damage.
The goblin hits you but does no damage. x2
Robin hits you with a club. The goblin barely misses you.
You sock Robin! You kick Robin.
Robin is severely wounded.
The goblin hits you but does no damage.
Robin roars a battlecry!
The goblin goes into a battle-frenzy!
The goblin closely misses you.
A goblin comes into view.
Ashenzari warns you: It is wielding a vampiric dagger.
You closely miss Robin. You kick Robin.
Robin is almost dead.
The goblin hits you with a dagger. Robin throws the goblin at you!
The goblin hits you.
* * * LOW HITPOINT WARNING * * *
The goblin barely misses you.
You hit Robin. You kick Robin.
Robin is almost dead.
The goblin hits you but does no damage. Robin hits you with a club.
You die...

### #.# ..# #######.#
......#g#
#####.†@####### #
......ggg.....# #
........!...).# #
####.#........# #
#.#........##########
# #.................+
#........###....###
#........#.'....'..
..#
###########.#....##.


You could see Robin and 3 goblins.

Vanquished Creatures
  An adder (D:2)
  A dart slug (D:1)
  A leopard gecko (D:2)
  A giant cockroach (D:2)
  10 goblins
  4 hobgoblins (D:2)
  3 bats
  3 frilled lizards (D:1)
  A kobold (D:2)
  A rat (D:1)
26 creatures vanquished.

Notes
Turn   | Place    | Note
-------+----------+-------------------------------------------
     0 | D:1      | slep the Demonspawn Wanderer began the quest for the Orb.
     0 | D:1      | slep set off with: a +2 hand crossbow, 26 bolts, a +0 quarterstaff, a potion of curing, a +0 robe, a bread ration
     0 | D:1      | Reached XP level 1. HP: 15/15 MP: 1/1
   344 | D:1      | Found a shattered altar of Ashenzari.
   352 | D:1      | Became a worshipper of Ashenzari the Shackled
   375 | D:1      | Gained mutation: You have large cloven feet. [demonic ancestry]
   375 | D:1      | Reached XP level 2. HP: 20/21 MP: 2/2
   502 | D:1      | Reached skill level 3 in Staves
   801 | D:2      | Gained mutation: You have hoof-like feet. [demonic ancestry]
   801 | D:2      | Reached XP level 3. HP: 25/26 MP: 3/3
  1059 | D:2      | Gained mutation: You evolve. [potion of mutation]
  1059 | D:2      | Gained mutation: You have hooves in place of feet. [potion of mutation]
  1059 | D:2      | Gained mutation: Armour fits poorly on your strangely shaped body. [potion of mutation]
  1059 | D:2      | Gained mutation: Your skin changes colour to match your surroundings (Stealth+). [potion of mutation]
  1289 | D:2      | Noticed Robin
  1299 | D:2      | Slain by Robin

Skill      XL: |  1  2 |
---------------+-------+-----
Armour         | 2 |  2.1
Staves         | 3 |  3.3
Fighting       | |  1.4
Crossbows      | |  1.0
Throwing       | |  1.0
Dodging        | |  0.6
Stealth        | |  1.3
Evocations     | |  1.0

Action                   || total
-------------------------++-------
Melee: Quarterstaff      ||    70
       Kick              ||    12
 Fire: Hand crossbow     ||     1
  Use: Potion            ||     3
 Stab: Sleeping          ||     2
  Eat: Chunk             ||     1
Armor: Robe              ||     4
       Leather armour    ||    23
Dodge: Dodged            ||    49
